 Dungeon Crawl Stone Soup version 0.28-a0-1159-g27aa881441 (webtiles) character file.

Game seed: 11776561793384021922

280 fragbeetle the Ruffian (level 6, -4/51 HPs)
             Began as a Draconian Transmuter on Dec 15, 2021.
             Slain by Duvessa (9 damage)
             ... on level 4 of the Dungeon.
             The game lasted 00:10:30 (4806 turns).

fragbeetle the Ruffian (Draconian Transmuter)       Turns: 4806, Time: 00:10:30

Health: -4/51      AC:  2    Str: 14    XL:     6   Next: 5%
Magic:  13/19      EV: 19    Int: 14    God:
Gold:   107        SH:  0    Dex: 16    Spells: 2/10 levels left

rFire   . . .      SeeInvis .     - Unarmed
rCold   . . .      Faith    .   (shield currently unavailable)
rNeg    . . .      Spirit   .   (armour unavailable)
rPois   x          Reflect  .   (helmet currently unavailable)
rElec   .          Harm     .   (cloak currently unavailable)
rCorr   .          Rampage  .   (gloves currently unavailable)
Will    +....                   (boots currently unavailable)
Stlth   +.........              (no amulet)
HPRegen 0.17/turn               d - ring of magical power
MPRegen 0.16/turn               j - ring of willpower

@: lethally poisoned (-4 -> -17), spider-form
A: venomous fangs, AC +6, tiny, unfitting armour, (cold-blooded)
a: End Transformation


You were on level 4 of the Dungeon.
You were a venomous arachnid creature.
You visited 1 branch of the dungeon, and saw 4 of its levels.

You collected 107 gold pieces.

Inventory:

Missiles
 b - 57 stones
 g - 11 poisoned darts
 i - a throwing net
Jewellery
 d - a ring of magical power (left front leg)
 j - a ring of willpower (right front leg)
Scrolls
 a - 2 scrolls of enchant armour {unknown}
 e - a scroll of magic mapping {unknown}
 f - 2 scrolls of amnesia {unknown}
 l - a scroll of teleportation {unknown}
 n - a scroll of vulnerability {unknown}
 o - a scroll of identify {unknown}
 p - 2 scrolls of enchant weapon {unknown}
 r - a scroll of immolation {unknown}
 s - a scroll of fog {unknown}
 t - a scroll of fear {unknown}
Potions
 c - 2 potions of degeneration {unknown}
 h - 2 potions of berserk rage {unknown}
 k - a potion of might {unknown}
 q - a potion of ambrosia {unknown}


   Skills:
 * Level 3.1 Fighting
 + Level 2.1 Dodging
 + Level 4.1 Unarmed Combat
 + Level 2.8 Spellcasting
 * Level 3.5 Transmutations
 * Level 0.2 Ice Magic
 * Level 1.6 Poison Magic


You had 2 spell levels left.
You knew the following spells:

 Your Spells              Type           Power      Damage    Failure   Level
a - Beastly Appendage     Tmut           22%        N/A       16%         1
b - Spider Form           Tmut/Pois      9%         N/A       43%         3
c - Ice Form              Ice/Tmut       7%         N/A       86%         4

Your spell library contained the following spells:

 Spells                   Type           Power      Damage    Failure   Level
 Wereblood                Tmut           11%        N/A       21%         2
 Foxfire                  Conj/Fire      8%         2x1d4     43%         1
 Ensorcelled Hibernation  Hex/Ice        4%         N/A       52%         2
 Conjure Flame            Conj/Fire      2%         6-21      75%         3
 Inner Flame              Hex/Fire       2%         N/A       75%         3
 Tukima's Dance           Hex            2%         N/A       75%         3
 Flame Wave               Conj/Fire      2%         2d4       98%         4


Dungeon Overview and Level Annotations

Branches:
Dungeon (4/15)
 Temple: D:4-7

Altars:
Elyvilon
Nemelex Xobeh
Yredelemnul
Beogh

Shops:
D:2 [   D:3 *

Annotations:
D:4 Duvessa


Innate Abilities, Weirdness & Mutations

You are a venomous arachnid creature.
You have poisonous fangs.
You are tiny and dextrous.
Your spellcasting is less reliable in this form.
Your armour is entirely melded.
You are incapable of wielding weapons or throwing items.
((Your plain brown scales are hard. (AC +6)))
You cannot fit into any form of body armour.
((You are cold-blooded and may be slowed by cold attacks.))


Message History

Your magical contamination has completely faded away.
You hit Duvessa.
Duvessa is moderately wounded.
You feel very sick.
Duvessa hits you with a +1 rapier of venom.
Your transformation is almost over.
You feel very sick.
Duvessa gestures with her weapon.
* * * LOW HITPOINT WARNING * * *
You feel very sick.
Unknown command.
* * * LOW HITPOINT WARNING * * *
You feel very sick.
* * * LOW HITPOINT WARNING * * *
You feel very sick.
* * * LOW HITPOINT WARNING * * *
You feel sick.
Duvessa is no longer unusually resistant.
You feel better. Duvessa barely misses you.
Duvessa looks more healthy.
You hit Duvessa but do no damage.
Duvessa is moderately wounded.
Your transformation has ended.
Duvessa barely misses you.
You hit Duvessa but do no damage.
Duvessa is moderately wounded.
Duvessa hits you with a +1 rapier of venom.
* * * LOW HITPOINT WARNING * * *
Casting: Spider Form (dangerous; 22% risk of failure)
Confirm with . or Enter, or press ? or * to list all spells.
You turn into a venomous arachnid creature.
Duvessa hits you with a +1 rapier of venom.
* * * LOW HITPOINT WARNING * * *
You are lethally poisoned!
You hit Duvessa.
Duvessa is poisoned.
Duvessa is heavily wounded.
* * * LOW HITPOINT WARNING * * *
You feel very sick.
Duvessa hits you with a +1 rapier of venom!
You die...

...##♣.....♣######.#
....###'''###......#
..........#.########
......###)..#
####.......##
##.......# ####
##.....####..###
#....####.....##
#.....#....se..#
#..##....######.#
.....####..#..#.#.#
..##..###.......#.#.#
...#...##.......#.#.#
.....#.......#....#.#
.....#..#.#..######.#
.....##.####........#
.....#...###.e.....###


You could see Duvessa (very poisoned).

Vanquished Creatures
  A centaur zombie (D:4)
  Natasha (thrice) (D:3)
  A mummy (D:4)
  4 adders
  3 gnolls (D:3)
  A worm (D:3)
  4 dart slugs (D:1)
  3 orcs
  3 bats
  5 endoplasms
  6 giant cockroaches
  3 goblins
  6 hobgoblins
  4 jackals (D:3)
  6 quokkas
  9 ball pythons
  2 frilled lizards
  A hobgoblin zombie (D:4)
  9 kobolds
  2 kobold zombies (D:4)
  An orc zombie (D:4)
  10 rats
87 creatures vanquished.

Notes
Turn   | Place    | Note
-------+----------+-------------------------------------------
     0 | D:1      | fragbeetle the Draconian Transmuter began the quest for the
                  | Orb.
     0 | D:1      | Reached XP level 1. HP: 16/16 MP: 3/3
   239 | D:1      | Reached XP level 2. HP: 23/23 MP: 3/5
   616 | D:1      | Found a faded altar of an unknown god.
   977 | D:1      | Reached XP level 3. HP: 26/29 MP: 6/6
   981 | D:1      | Learned a level 3 spell: Spider Form
  2054 | D:2      | Reached XP level 4. HP: 36/36 MP: 7/7
  2387 | D:2      | Found Wiwash's Armour Shop.
  2644 | D:3      | Reached skill level 1 in Poison Magic
  3071 | D:3      | Found a sparkling altar of Nemelex Xobeh.
  3266 | D:3      | Found a basalt altar of Yredelemnul.
  3375 | D:3      | Reached XP level 5. HP: 37/42 MP: 9/9
  3562 | D:3      | Found Kuemaqy's Assorted Antiques.
  3748 | D:3      | Noticed Natasha
  3757 | D:3      | Killed Natasha
  3844 | D:3      | Found a white marble altar of Elyvilon.
  3912 | D:3      | Noticed Natasha
  3927 | D:3      | Killed Natasha
  4308 | D:3      | Noticed Natasha
  4314 | D:3      | Killed Natasha
  4315 | D:3      | Reached skill level 4 in Unarmed Combat
  4343 | D:3      | Learned a level 4 spell: Ice Form
  4472 | D:4      | Noticed a black bear
  4610 | D:4      | Reached XP level 6. HP: 45/51 MP: 10/10
  4766 | D:4      | Noticed Duvessa
  4806 | D:4      | Slain by Duvessa

Illustrated notes

Levels and vault maps discovered:
D:1:      minmay_arrival_doors, layout_basic,
          hellmonk_ecumenical_altar_defaced_shrine
D:2:      layout_loops_corners, serial_shops, shop_fountains, kennysheep_path_1
D:3:      minmay_spotlight, layout_loops_corners, kennysheep_ying_yang,
          old_standard_altar, serial_shops, shop, minmay_misc_feat_more_columns,
          uniq_natasha
D:4:      layout_cave_pools, okawaru_ov_weapons_minmay, kennysheep_donut,
          chequers_serial_rivers_marsh, minmay_mini_ossuary, uniq_duvessa

Skill      XL: |  1  2  3  4  5 |
---------------+----------------+-----
Fighting       | 2 3 |  3.1
Dodging        | 2 |  2.1
Poison Magic   | 1 |  1.6
Transmutations | 3 |  3.5
Unarmed Combat | 4 |  4.1
Spellcasting   | |  2.8
Ice Magic      | |  0.2

Action                   |  1- 3 |  4- 6 || total
-------------------------+-------+-------++-------
Melee: Unarmed           |    97 |   148 ||   245
       Kick              |    17 |    31 ||    48
       Headbutt          |    11 |    16 ||    27
       Tailslap          |     4 |     6 ||    10
       Punch             |     2 |     2 ||     4
Throw: Stone             |     2 |       ||     2
       Dart              |       |     1 ||     1
 Cast: Beastly Appendage |    33 |    35 ||    68
       Spider Form       |       |     5 ||     5
  Use: Potion            |       |     1 ||     1
 Stab: Sleeping          |     1 |       ||     1
Armor: Skin              |    21 |    35 ||    56
Dodge: Dodged            |    59 |    80 ||   139

Table legend: (Time is in decaauts)
 A = Elapsed time spent in this place.
 B = Non-inter-level travel time spent in this place.
 C = Inter-level travel time spent in this place.
 D = Time resting spent in this place.
 E = Time spent auto-exploring this place.
 F = Levels seen in this place.
 G = Mean time per level.
                   A        B        C        D        E       F      G
               +--------+--------+--------+--------+--------+-----+--------+
         Total |   4791 |   4503 |    288 |    863 |   2485 |   4 | 1197.8 |
       Dungeon |   4791 |   4503 |    288 |    863 |   2485 |   4 | 1197.8 |
               +--------+--------+--------+--------+--------+-----+--------+

Top non-repeatable levels by time:
     D:3: 1661 daAuts
     D:1: 1407 daAuts
     D:2: 1334 daAuts
     D:4: 387 daAuts
